 Dungeon Crawl Stone Soup version 0.16-a0-44-gd96af6c (webtiles) character file.

473 PolkaDot the Jinx (level 6, -3/41 HPs)
             Began as a Vampire Enchanter on Aug 5, 2014.
             Slain by a hound (6 damage)
             ... on Level 3 of the Dungeon.
             The game lasted 00:15:37 (4702 turns).

PolkaDot the Jinx (Vampire Enchanter)               Turns: 4702, Time: 00:15:37

HP  -3/41        AC  2     Str  7      XL: 6   Next: 84%
MP   1/10        EV 10     Int 19      God:
Gold 161         SH  0     Dex 14      Spells:  3 memorised,  3 levels left

rFire  . . .     SeeInvis +     a - +1 dagger
rCold  + + +     Clarity  +     j - troll hide {Purgy}
rNeg   + + +     rCorr    .     (no shield)
rPois  +         rRot     +     (no helmet)
rElec  .         Spirit   .     (no cloak)
SustAb .         Warding  .     (no gloves)
rMut   .         Stasis   .     (no boots)
Gourm  .                        g - amulet of clarity
MR     .....                    (no ring)
                                h - ring of protection from cold

@: very slightly contaminated, regenerating slowly, not resistant to hostile
enchantments, stealthy
A: bottle blood, fangs 3, see invisible, unbreathing
a: Bat Form, Bottle Blood


You were on level 3 of the Dungeon.
You were near bloodless.

You visited 1 branch of the dungeon, and saw 4 of its levels.
You also visited: Sewer.

You collected 161 gold pieces.

Inventory:

Hand weapons
 a - a +1 dagger (weapon)
Armour
 b - a +1 robe
 j - a troll hide (worn) {Purgy}
Scrolls
 d - 3 scrolls of enchant weapon
Jewellery
 e - an uncursed ring of protection from cold
 g - an amulet of clarity (around neck)
 h - a ring of protection from cold (left hand)
Potions
 f - 2 potions of flight
Books
 c - a book of Maledictions

   Spells                             Type                      Level
   *Corona                            Hexes                        1
   Sure Blade                         Hexes/Charms                 2
   *Ensorcelled Hibernation           Hexes/Ice                    2
   *Confuse                           Hexes                        3
   Dazzling Spray                     Conjuration/Hexes            3
   Enslavement                        Hexes                        4
 l - a Necronomicon {highlevel}

   This book is beyond your current level of understanding.

   Spells                             Type                      Level
   Haunt                              Necromancy/Summoning         7
   Borgnjor's Revivification          Necromancy                   8
   Death's Door                       Charms/Necromancy            8
   Necromutation                      Transmutation/Necromancy     8


   Skills:
 + Level 3.8 Short Blades
 - Level 2.1 Dodging
 + Level 7.0 Stealth
 - Level 2.0 Spellcasting
 * Level 8.1 Hexes
 - Level 1.6 Ice Magic


You had 3 spell levels left.
You knew the following spells:

 Your Spells              Type           Power        Failure   Level  Hunger
a - Corona                Hex            ####...      1%          1    #......
c - Confuse               Hex            ####....     1%          3    ####...
d - Ensorcelled Hibernat  Hex/Ice        ###...       4%          2    ##.....


Dungeon Overview and Level Annotations

Branches:
Dungeon (4/15)
 Temple: D:4-7

Altars:
Nemelex Xobeh


Innate Abilities, Weirdness & Mutations

You heal slowly.
You can bottle blood from corpses.
You have razor-sharp teeth.
You have supernaturally acute eyesight.
You can survive without breathing.


Message History

The hound is moderately wounded.
The hound bites you.
You completely miss the hound.
The hound is moderately wounded.
The hound bites you. The hound bites you.
* * * LOW HITPOINT WARNING * * *
The hound bites you.
* * * LOW HITPOINT WARNING * * *
You see here a mace.
Drink which item? (? for menu, Esc to quit)
You feel refreshed.
It was a potion of restore abilities.
The hound bites you.
* * * LOW HITPOINT WARNING * * *
The hound bites you.
* * * LOW HITPOINT WARNING * * *
Read which item? (? for menu, Esc to quit)
Okay, then.
The hound closely misses you. The hound barely misses you. The hound bites you.
You die...

..# #..........# #..##..≈≈ #.#
#.......>..# #..##.≈≈≈
#.########..........# #.###.♣.≈
#.......##..........# #.###....
#######.##.........)# #.#...###
..#####.##........>.#####...#.###
.....................)...........
#.##....##.......h..#####........
#.##...###......@...# #.##.####
...........#.######## #.##.#
#.##...#####.# #.#..# #.###.##
##.## #.#.##
#.###.#####...###########.#.#
#.##........................#
..#.#.#....###<......########
##.........###.#####.#
##..#.#........# #.#


You could see a hound.

Vanquished Creatures
  Purgy (Sewer)
  2 orc priests
  3 hounds (D:4)
  A worker ant (D:4)
  An orc wizard (D:3)
  A giant mite (D:2)
  3 adders (D:2)
  3 worms
  5 giant geckos
  An ooze (D:1)
  13 orcs
  A ball python (D:4)
  8 giant cockroaches
  9 goblins
  12 hobgoblins
  6 jackals
  10 bats
  3 giant newts
  14 kobolds
  7 rats
104 creatures vanquished.

Notes
Turn   | Place    | Note
--------------------------------------------------------------
     0 | D:1      | PolkaDot, the Vampire Enchanter, began the quest for the Orb.
     0 | D:1      | Reached XP level 1. HP: 13/13 MP: 3/3
   230 | D:1      | Reached XP level 2. HP: 17/19 MP: 4/4
   665 | D:1      | Learned a level 2 spell: Ensorcelled Hibernation
   894 | D:1      | Reached XP level 3. HP: 24/24 MP: 6/6
   899 | D:1      | Learned a level 3 spell: Confuse
  1506 | D:2      | Reached skill level 5 in Hexes
  1808 | D:2      | Reached skill level 5 in Stealth
  2193 | D:2      | Reached XP level 4. HP: 27/30 MP: 2/7
  2877 | D:3      | Found a glowing drain.
  2885 | Sewer    | Entered a sewer
  2979 | Sewer    | Noticed Purgy
  2995 | Sewer    | Killed Purgy
  2995 | Sewer    | Reached skill level 6 in Stealth
  2995 | Sewer    | Reached skill level 1 in Ice Magic
  2995 | Sewer    | Reached XP level 5. HP: 14/35 MP: 2/9
  3743 | D:3      | Reached skill level 7 in Hexes
  3743 | D:3      | Reached XP level 6. HP: 29/41 MP: 2/10
  4491 | D:4      | Found a sparkling altar of Nemelex Xobeh.
  4589 | D:4      | Reached skill level 8 in Hexes
  4697 | D:3      | HP: 2/41 [hound (3)]
  4702 | D:3      | Slain by a hound

Action                   |  1- 3 |  4- 6 || total
-------------------------+-------+-------++-------
Melee: Dagger            |   121 |   103 ||   224
 Cast: Corona            |    13 |       ||    13
       Ensorcelled Hiber |    17 |    68 ||    85
  Use: Scroll            |       |    12 ||    12
       Potion            |       |     6 ||     6
 Stab: Sleeping          |    22 |    51 ||    73
       Distracted        |     2 |     1 ||     3
  Eat: Corpse            |       |     1 ||     1
